 Dungeon Crawl Stone Soup version 0.28.0-53-g5a82cb258f (webtiles) character file.

Game seed: 117666150350000094

5 Ashen the Caller (level 1, 11/13 HPs)
             Began as a Barachi Summoner on Aug 18, 2022.
             Got out of the dungeon alive.
             The game lasted 00:00:58 (450 turns).

Ashen the Caller (Barachi Summoner)                  Turns: 450, Time: 00:00:59

Health: 11/13      AC:  2    Str:  9    XL:     1   Next: 80%
Magic:  3/3        EV: 12    Int: 15    God:
Gold:   12         SH:  0    Dex: 12    Spells: 3/4 levels left

rFire   . . .      SeeInvis .   (no weapon)
rCold   . . .      Faith    .   (no shield)
rNeg    . . .      Spirit   .   a - +0 robe
rPois   .          Reflect  .   (no helmet)
rElec   .          Harm     .   (no cloak)
rCorr   .          Rampage  .   (no gloves)
Will    .....                   (no boots)
Stlth   ++........              (no amulet)
HPRegen 0.04/turn               (no ring)
MPRegen 0.08/turn               (no ring)

@: unable to hop, slow
A: amphibious, slowness 1, strong legs 1, +LOS
a: Hop


You escaped.
You visited 1 branch of the dungeon, and saw 1 of its levels.

You collected 12 gold pieces.

Inventory:

Armour
 a - a +0 robe (worn)
Scrolls
 b - a scroll of brand weapon {unknown}


   Skills:
 + Level 2.3 Dodging
 + Level 2.0 Stealth
 + Level 2.3 Spellcasting
 + Level 4.9 Summonings


You had 3 spell levels left.
You knew the following spells:

 Your Spells              Type           Power      Damage    Failure   Level
a - Summon Small Mammal   Summ           64%        N/A       2%          1

Your spell library contained the following spells:

 Spells                   Type           Power      Damage    Failure   Level
 Call Imp                 Summ           16%        N/A       4%          2
 Call Canine Familiar     Summ           16%        N/A       9%          3
 Summon Guardian Golem    Hex/Summ       9%         N/A       24%         3
 Summon Lightning Spire   Summ/Air       9%         N/A       61%         4


Dungeon Overview and Level Annotations

Branches:
Dungeon (1/15)

Altars:


Innate Abilities, Weirdness & Mutations

You are amphibious.
You cover ground slowly.
You can hop short distances.
You have an extended range of vision and can be seen from far away.


Message History

Your rat dies!
Your rat's corpse disappears in a puff of smoke!
Your quokka bites the ball python.
The ball python dies!
The giant cockroach closely misses your quokka.
The giant cockroach misses your quokka.
The giant cockroach closely misses your quokka.
You swap places.
The giant cockroach misses you.
The rat twitches its whiskers.
The giant cockroach barely misses you.
Hop to where?
Press: ? - help, Dir - move target Boing!
You barely miss the rat. The rat bites you but does no damage.
You barely miss the rat. The rat closely misses you.
Your quokka bites the rat.
The rat dies!
The giant cockroach closely misses you.
Your quokka bites the giant cockroach.
The giant cockroach barely misses you.
Your quokka barely misses the giant cockroach.
Things that are here:
a rat corpse; a ball python corpse You hit the giant cockroach but do no damage.
The giant cockroach is almost dead.
The giant cockroach bites you but does no damage.
Your quokka bites the giant cockroach.
The giant cockroach dies!
Your Stealth skill increases to level 2!
Things that are here:
a rat corpse; a ball python corpse You swap places.
Things that are here:
a rat corpse; a ball python corpse Your quokka disappears in a puff of smoke!
b - a scroll labelled XANGEN KISEF
Things that are here:
a +0 club; a goblin skeleton
There is an open door here.
There is a staircase leading out of the dungeon here.
Are you sure you want to leave the Dungeon?
This will make you lose the game!
You have escaped!

### #.##
##.#
##.#####
#.####@#
##.##.##
##.##.##
##.##.#
##.##.##
##.##.##
##.##.##
#.####.##
##.####.##


There were no monsters in sight!

Vanquished Creatures (collateral kills)
  2 ball pythons (D:1)
  A giant cockroach (D:1)
  A goblin (D:1)
  A rat (D:1)
5 creatures vanquished.

Notes
Turn   | Place    | Note
-------+----------+-------------------------------------------
     0 | D:1      | Ashen the Barachi Summoner began the quest for the Orb.
     0 | D:1      | Reached XP level 1. HP: 13/13 MP: 3/3
   450 | D:$      | Got out of the dungeon alive.

Illustrated notes

Levels and vault maps discovered:
D:1:      nagdon_arrival_zigzag_paths, layout_loops_ring,
          basic_ecumenical_altar, minmay_pentomino_r2

Skill      XL: |  1 |
---------------+----+-----
Stealth        | 2 |  2.0
Dodging        | |  2.3
Spellcasting   | |  2.3
Summonings     | |  4.9

Action                   || total
-------------------------++-------
Melee: Unarmed           ||    10
 Cast: Summon Small Mamm ||     5
 Abil: Hop               ||     1
 Stab: Sleeping          ||     1
Armor: Robe              ||     4
Dodge: Dodged            ||    14
